 Dungeon Crawl Stone Soup version 0.27.1-1-g398f81649c (webtiles) character file.

Game seed: 9997582917621765573

20239 pkoi the Basher (level 12, -1/113 HPs)
             Began as a Minotaur Fighter on Sept 17, 2021.
             Was a High Priest of Jiyva.
             Killed from afar by a gargoyle (16 damage)
             ... with a stone arrow
             ... in a Gauntlet.
             The game lasted 00:16:26 (9276 turns).

pkoi the Basher (Minotaur Fighter)                  Turns: 9276, Time: 00:16:27

Health: -1/113     AC: 22    Str: 26    XL:     12   Next: 43%
Magic:  8/12       EV:  5    Int:  9    God:    Jiyva [*****.]
Gold:   444        SH:  0    Dex: 12    Spells: 11/11 levels left

rFire    . . .     SeeInvis .   a - +0 flail (flame)
rCold    . . .     Faith    .   c - +1 kite shield
rNeg     . . .     Spirit   .   w - +0 plate armour
rPois    .         Reflect  .   (helmet unavailable)
rElec    +         Harm     .   y - +1 cloak
rCorr    +         Rampage  .   k - +0 pair of gloves
Will     .....     NoTele   +   (no boots)
Stlth    ..........             i - amulet of regeneration
HPRegen  1.28/turn              s - +6 ring of strength
MPRegen  0.13/turn              p - +4 ring of slaying

@: petrifying, very slow
A: horns 3, retaliatory headbutt, iridescent scales 1, high mp 1, electricity
resistance, gelatinous body 1
a: Renounce Religion, Request Jelly, Slimify, Cure Bad Mutation


You were in a Gauntlet.
You worshipped Jiyva.
Jiyva was extremely pleased with you.
You visited 2 branches of the dungeon, and saw 12 of its levels.
You also visited: Gauntlet.

You collected 444 gold pieces.

Inventory:

Hand Weapons
 a - a +0 flail of flaming (weapon)
Missiles
 j - 8 boomerangs (quivered)
 u - 3 throwing nets
Armour
 c - a +1 kite shield (worn)
 k - a +0 pair of gloves (worn)
 w - a +0 plate armour (worn)
 y - a +1 cloak (worn)
 B - +0 swamp dragon scales
Jewellery
 i - an amulet of regeneration (around neck)
 n - a +6 ring of strength
 p - a +4 ring of slaying (right hand)
 s - a +6 ring of strength (left hand)
 t - a ring of protection from fire
 F - a ring of ice
 G - a +6 ring of intelligence
Wands
 b - a wand of flame (13)
 e - a wand of polymorph (8)
 v - a wand of paralysis (11)
 x - a wand of charming (6)
Scrolls
 h - 2 scrolls of teleportation
 r - 2 scrolls of identify
 D - 2 scrolls of fog
Potions
 d - 2 potions of might
 f - 2 potions of lignification
 g - a potion of curing
 l - a potion of heal wounds
 o - a potion of brilliance
 q - a potion of invisibility
 z - a potion of magic
 E - a potion of flight
Miscellaneous
 m - a phantom mirror


   Skills:
 + Level 12.5 Fighting
 + Level 13.0 Maces & Flails
 + Level 12.5 Armour
 + Level 12.5 Shields
 + Level 0.2 Evocations


You had 11 spell levels left.
You didn't know any spells.
Your spell library contained the following spells:

 Spells                   Type           Power      Damage    Failure   Level
 Corona                   Hex            0%         N/A       99%         1
 Magic Dart               Conj           0%         1d3       99%         1
 Ensorcelled Hibernation  Hex/Ice        0%         N/A       100%        2
 Searing Ray              Conj           0%         3d3       100%        2
 Gell's Gravitas          Tloc           0%         N/A       100%        3
 Lesser Beckoning         Tloc           0%         N/A       100%        3
 Teleport Other           Tloc           0%         N/A       100%        3
 Tukima's Dance           Hex            0%         N/A       100%        3
 Animate Armour           Summ/Erth      0%         N/A       100%        4
 Fulminant Prism          Conj/Hex       0%         3d6       100%        4
 Passage of Golubria      Tloc           N/A        N/A       100%        4
 Summon Lightning Spire   Summ/Air       0%         N/A       100%        4
 Blade Hands              Tmut           0%         N/A       100%        5
 Silence                  Hex/Air        0%         N/A       100%        5
 Dispersal                Tloc           0%         N/A       100%        6
 Iron Shot                Conj/Erth      0%         9d1       100%        6
 Storm Form               Tmut/Air       0%         N/A       100%        7
 Lehudib's Crystal Spear  Conj/Erth      0%         10d2      100%        8
 Maxwell's Capacitive Co  Air            0%         ∞         100%        8


Dungeon Overview and Level Annotations

Branches:
Dungeon (11/15)            Temple (1/1) D:4            Lair (0/6) D:9
    Orc (0/2) D:10        Gauntlet (1/1)

Altars:
Ashenzari
Cheibriados
Dithmenos
Elyvilon
Fedhas
Gozag
Hepliaklqana
Kikubaaqudgha
Makhleb
Nemelex Xobeh
Okawaru
Qazlal
Ru
Sif Muna
Trog
Uskayaw
Vehumet
Wu Jian
Xom
Yredelemnul
Zin
The Shining One
Jiyva

Annotations:
Gauntlet 11 transporters


Innate Abilities, Weirdness & Mutations

You have a pair of large horns on your head.
You reflexively headbutt those who attack you in melee.
You are partially covered in iridescent scales. (AC +2)
You have an increased reservoir of magic. (+10% MP)
You are resistant to electric shocks. (rElec)
Your rubbery body absorbs attacks. (AC +1, EV +1)


Message History

The blast of calcifying dust hits the gargoyle but does no damage.
The blast of calcifying dust hits you but does no damage.
The catoblepas breathes a plume of calcifying dust at you.
The blast of calcifying dust hits you!
* * * LOW HITPOINT WARNING * * *
Unknown command.
Unknown command.
The gargoyle hurls a stone arrow at you.
The stone arrow misses you.
Unknown command.
The gargoyle hurls a stone arrow at you.
The stone arrow misses you.
The gargoyle hits you but does no damage.
The catoblepas breathes a plume of calcifying dust at you.
The blast of calcifying dust hits the gargoyle but does no damage.
The blast of calcifying dust hits you but does no damage.
You thump the gargoyle! You burn the gargoyle.
You destroy the gargoyle!
You are engulfed in calcifying dust.
The gargoyle hurls a stone arrow at you.
The stone arrow misses you.
Your Maces & Flails skill increases to level 13!
Unknown command.
You hit the gargoyle but do no damage.
You headbutt the gargoyle, but do no damage.
The gargoyle hurls a stone arrow at you.
You block the stone arrow.
A thick mucus forms on your +0 flail of flaming.
The gargoyle barely misses you.
The catoblepas breathes a plume of calcifying dust at you.
The blast of calcifying dust hits you but does no damage.
You block the gargoyle's attack.
The catoblepas quivers uncontrollably and liquefies into an acid blob!
Your hands burn!
* * * LOW HITPOINT WARNING * * *
You are engulfed in calcifying dust.
You are slowing down.
The gargoyle hurls a stone arrow at you.
The stone arrow hits you!!
You die...

########..#.........#..#########.
.......#..###########..#.........
########..###....##.#..#########.
.......#..###.##....#..#y.^.^..#.
.##^...#..#...#..##:#..#.⌠.#.#[#.
.##.^..#..###...)##.#..#.......#.
..©###©#©©###.##.§.©#©©#.8.©.#©#.
...###.#..#...##9J#.#..#......y#.
.#.###.#..###.©.@##[#..#.8.#.#s#.
.......#..###.##....#..#..^.sss#.
########..#..######.#..#########.
.......#..###########..#.........
########..#.........#..#########.
#Y##Yw##..#.........#..#...##..#.
Y#..##.#..#..##≈##..#..###...#.#.
Y#.#.#.#..#..§###≈..#..#s.#..#?#.
#.#©.#©#©.#..## ##..#.©#s.#©#[©#.


You could see a gargoyle and a neutral acid blob (fellow slime).

Vanquished Creatures
  Harold (D:7)
  A boulder beetle (D:10)
  3 centaur warriors (D:10)
  A tengu warrior (D:10)
  2 two-headed ogres
  Pikel (D:6)
  A wolf spider (D:10)
  3 centaur zombies (D:10)
  3 manticores
  Maurice (D:7)
  2 cyclopes
  An ice statue (Gauntlet)
  Joseph (D:7)
  A gargoyle (Gauntlet)
  Maggie (D:9)
  A rime drake (Gauntlet)
  2 komodo dragons
  An unseen horror (D:10)
  A troll (D:10)
  A hornet (D:10)
  Sigmund (D:5)
  3 shadows (D:10)
  17 yaks
  A wyvern (D:8)
  A steam dragon (D:8)
  2 vampire mosquitoes (D:10)
  Edmund (D:5)
  3 acid dragons (D:10)
  4 water moccasins (D:5)
  A sky beast (D:6)
  A black bear (D:7)
  3 orc warriors (D:10)
  6 centaurs
  A phantom (D:7)
  3 kobold brigands
  A bullfrog (D:3)
  A water moccasin zombie (D:5)
  A scorpion (D:3)
  2 gnoll sergeants
  14 wights
  39 killer bees
  A bullfrog zombie (D:6)
  An orc priest (D:10)
  A bullfrog skeleton (D:5)
  A hound (D:5)
  A centaur skeleton (D:7)
  Jessica (D:3)
  2 iguanas
  Natasha (D:3)
  A scorpion zombie (D:5)
  6 orc wizards
  A howler monkey zombie (D:9)
  5 gnolls
  5 adders
  A shadow imp (D:8)
  A white imp (D:7)
  2 ufetubi
  A worm (D:3)
  A dart slug (D:1)
  17 orcs
  3 endoplasms (D:1)
  3 giant cockroaches
  11 hobgoblins
  7 jackals (D:1)
  17 kobolds
  A quokka (D:2)
  3 ball pythons
  7 bats
  3 frilled lizards (D:2)
  11 goblins
  7 rats
258 creatures vanquished.

Vanquished Creatures (others)
  2 yaks
  A wyvern (D:9)
  A water moccasin (D:7)
  An orc warrior (D:9)
  A sky beast (D:6)
  A necrophage (D:6)
  2 centaurs
  A bullfrog (D:7)
  7 killer bees
  43 jellies
  A howler monkey (D:6)
  An orc priest (D:7)
  2 iguanas (D:5)
  4 orc wizards
  2 gnolls (D:7)
  4 adders
  5 orcs
  A hobgoblin (D:4)
  A kobold (D:4)
  9 plants
90 creatures vanquished.

Grand Total: 348 creatures vanquished

Notes
Turn   | Place    | Note
-------+----------+-------------------------------------------
     0 | D:1      | pkoi the Minotaur Fighter began the quest for the Orb.
     0 | D:1      | Reached XP level 1. HP: 19/19 MP: 0/0
    36 | D:1      | Reached skill level 3 in Maces & Flails
   277 | D:1      | Reached XP level 2. HP: 24/26 MP: 1/1
   428 | D:1      | Reached skill level 4 in Maces & Flails
   476 | D:1      | Reached XP level 3. HP: 31/31 MP: 2/2
  1189 | D:2      | Reached skill level 5 in Maces & Flails
  1315 | D:2      | Found a faded altar of an unknown god.
  1323 | D:2      | Reached XP level 4. HP: 38/39 MP: 3/3
  2024 | D:3      | Noticed a bullfrog
  2028 | D:3      | Killed a bullfrog
  2029 | D:3      | Reached XP level 5. HP: 45/46 MP: 4/4
  2146 | D:2      | Became a worshipper of Jiyva Jessyiz the Shapeless
  2146 | D:2      | Reached * piety under Jiyva
  2278 | D:3      | Noticed Jessica
  2284 | D:3      | Found a shimmering blue altar of Sif Muna.
  2290 | D:3      | Killed Jessica
  2373 | D:3      | Noticed Natasha
  2377 | D:3      | Found a glowing silver altar of Zin.
  2388 | D:3      | Killed Natasha
  2389 | D:3      | Reached skill level 6 in Maces & Flails
  2389 | D:3      | Reached XP level 6. HP: 53/53 MP: 5/5
  2487 | D:3      | Found an ornate altar of the Wu Jian Council.
  2620 | D:4      | Found a sacrificial altar of Ru.
  2865 | D:4      | Reached ** piety under Jiyva
  2889 | D:4      | Found a white marble altar of Elyvilon.
  2890 | D:4      | Found an ancient bone altar of Kikubaaqudgha.
  2890 | D:4      | Found a bloodstained altar of Trog.
  2894 | D:4      | Found a hide-covered altar of Uskayaw.
  2974 | D:4      | Found a staircase to the Ecumenical Temple.
  3078 | D:4      | Found a burning altar of Makhleb.
  3141 | Temple   | Entered the Ecumenical Temple
  3252 | D:5      | Entered Level 5 of the Dungeon
  3331 | D:5      | Reached skill level 5 in Fighting
  3356 | D:5      | Reached skill level 5 in Armour
  3356 | D:5      | Reached skill level 5 in Shields
  3395 | D:5      | Noticed a water moccasin
  3396 | D:5      | Noticed a water moccasin
  3404 | D:5      | Killed a water moccasin
  3405 | D:5      | Reached XP level 7. HP: 61/61 MP: 6/6
  3424 | D:5      | Reached skill level 7 in Maces & Flails
  3425 | D:5      | Found a white marble altar of Elyvilon.
  3484 | D:5      | Noticed Sigmund
  3512 | D:5      | Killed Sigmund
  3513 | D:5      | Reached XP level 8. HP: 39/70 MP: 7/7
  3606 | D:5      | Found a stormy altar of Qazlal.
  3690 | D:5      | Noticed Edmund
  3698 | D:5      | Killed Edmund
  4337 | D:6      | Reached *** piety under Jiyva
  5057 | D:7      | Noticed Pikel
  5072 | D:6      | Killed Pikel
  5073 | D:6      | Reached skill level 8 in Maces & Flails
  5126 | D:7      | Reached XP level 9. HP: 79/79 MP: 8/8
  5128 | D:7      | Identified the +7 dagger of the Lost Lovers {venom, Contam
                  | Fragile rCorr Dex+8 Stlth+}
  5179 | D:7      | Gained mutation: Your rubbery body absorbs attacks. (AC +1,
                  | EV +1) [Jiyva's grace]
  5180 | D:7      | Noticed Joseph
  5208 | D:7      | Reached skill level 9 in Maces & Flails
  5226 | D:7      | Killed Joseph
  5239 | D:7      | Reached **** piety under Jiyva
  5369 | D:7      | Noticed Harold
  5615 | D:7      | Killed Harold
  5751 | D:7      | Gained mutation: You evolve. [Jiyva's grace]
  5919 | D:8      | Noticed Maurice
  5925 | D:7      | Killed Maurice
  5926 | D:7      | Reached skill level 10 in Maces & Flails
  5926 | D:7      | Reached XP level 10. HP: 91/91 MP: 9/9
  5959 | D:8      | Noticed a two-headed ogre
  6004 | D:7      | Killed a two-headed ogre
  6376 | D:8      | Reached skill level 10 in Fighting
  6376 | D:8      | Reached skill level 10 in Armour
  6376 | D:8      | Reached skill level 10 in Shields
  6418 | D:8      | Noticed an elephant
  6678 | D:8      | Found a broken altar of Ashenzari.
  6750 | D:8      | Gained mutation: You have a pair of large horns on your
                  | head. [Jiyva's grace]
  6946 | D:9      | Reached skill level 11 in Maces & Flails
  7015 | D:9      | Reached ***** piety under Jiyva
  7037 | D:9      | Reached XP level 11. HP: 101/101 MP: 10/10
  7077 | D:9      | Lost mutation: You evolve. [Jiyva's grace]
  7177 | D:9      | Found a staircase to the Lair.
  7382 | D:9      | Noticed Maggie
  7387 | D:9      | Killed Maggie
  7523 | D:9      | Gained mutation: You are partially covered in iridescent
                  | scales. (AC +2) [Jiyva's grace]
  7525 | D:10     | Entered Level 10 of the Dungeon
  7727 | D:10     | Found a basalt altar of Yredelemnul.
  7739 | D:10     | Noticed a tengu warrior
  7770 | D:10     | Killed a tengu warrior
  7784 | D:10     | Noticed a boulder beetle
  7953 | D:10     | Killed a boulder beetle
  7954 | D:10     | Reached skill level 12 in Maces & Flails
  7997 | D:10     | Noticed a centaur warrior
  8002 | D:10     | Found a staircase to the Orcish Mines.
  8005 | D:10     | Killed a centaur warrior
  8043 | D:10     | Identified the amulet "Adiom" {Acrobat rN+ Will+}
  8043 | D:10     | Noticed a centaur warrior
  8053 | D:10     | Killed a centaur warrior
  8096 | D:10     | Gained mutation: You are resistant to electric shocks.
                  | (rElec) [Jiyva's grace]
  8270 | D:10     | Reached ****** piety under Jiyva
  8304 | D:10     | Noticed a wolf spider
  8310 | D:10     | Killed a wolf spider
  8311 | D:10     | Reached XP level 12. HP: 103/112 MP: 11/11
  8395 | D:10     | Found a shadowy altar of Dithmenos.
  8411 | D:10     | Found a shimmering altar of Xom.
  8420 | D:10     | Noticed a centaur warrior
  8420 | D:10     | Gained mutation: You have an increased reservoir of magic.
                  | (+10% MP) [Jiyva's grace]
  8428 | D:10     | Killed a centaur warrior
  8879 | D:10     | Noticed a six-headed hydra
  8883 | D:10     | Slimified a six-headed hydra
  8883 | D:10     | Noticed an acid blob
  8883 | D:10     | a six-headed hydra changed into an acid blob
  8965 | D:11     | Noticed a two-headed ogre
  8975 | D:11     | Killed a two-headed ogre
  9014 | D:11     | Found a gate leading to a gauntlet.
  9033 | Gauntlet | Entered a Gauntlet
  9033 | Gauntlet | Found a transporter.
  9033 | Gauntlet | Found a transporter.
  9039 | Gauntlet | Found a transporter.
  9051 | Gauntlet | Found a transporter.
  9069 | Gauntlet | Found a transporter.
  9069 | Gauntlet | Found a transporter.
  9070 | Gauntlet | Noticed a catoblepas
  9071 | Gauntlet | Found a transporter.
  9072 | Gauntlet | Found a transporter.
  9086 | Gauntlet | Found a transporter.
  9099 | Gauntlet | Found a transporter.
  9109 | Gauntlet | Found a transporter.
  9124 | Gauntlet | Found a transporter.
  9143 | Gauntlet | Found a transporter.
  9143 | Gauntlet | Found a transporter.
  9266 | Gauntlet | HP: 5/113 [catoblepas/blast of calcifying dust (8)]
  9271 | Gauntlet | Reached skill level 13 in Maces & Flails
  9276 | Gauntlet | Slimified a catoblepas
  9276 | Gauntlet | Noticed an acid blob
  9276 | Gauntlet | a catoblepas changed into an acid blob
  9276 | Gauntlet | Killed from afar by a gargoyle

Illustrated notes

Levels and vault maps discovered:
D:1:      kennysheep_arrival_seaside, layout_basic,
          corexii_item_surrounded_by_moat, minmay_misc_feat_plants
D:2:      layout_loops_ring, hellmonk_ecumenical_altar_blasted, serial_bayou,
          serial_bayou_lagoon_a, serial_bayou_pond_e, serial_bayou_pond_b,
          serial_bayou_shore_a, st_stairs_9
D:3:      layout_rooms, tgw_sif, mainiacjoe_overflow_concentric_impassable,
          mainiacjoe_overflow_alcove_2, uniq_natasha, uniq_jessica
D:4:      layout_cave_pools, lemuel_tele_altar, marbit_many_paths, minitemple,
          minmay_temple_entry_poolview
D:5:      layout_basic, mainiacjoe_overflow_tiny_flanked, minmay_ruined_shrine,
          uniq_sigmund, uniq_edmund
D:6:      layout_loops_corners
D:7:      layout_rooms, uniq_harold, uniq_pikel, uniq_joseph
D:8:      wad_woods_minihive, layout_rooms, lemuel_crystal_altar,
          water_maze_lemuel, uniq_maurice
D:9:      layout_loops_ring, lair_entry_dummy, uniq_maggie
D:10:     minmay_the_grid_octo_tiled_squarecenter [minmay_the_grid_octo_empty,
          minmay_the_grid_octo_empty, minmay_the_grid_octo_pinwheel,
          minmay_the_grid_octo_vomiting_pacman,
          minmay_the_grid_square_5x5_megaprize_crossed,
          minmay_the_grid_square_5x5_two_small,
          minmay_the_grid_square_5x5_doubleslash,
          minmay_the_grid_square_5x5_dogpile, minmay_the_grid_square_5x5_v],
          layout_gridville, lemuel_zombie_altar_yredelemnul,
          chequers_serial_rivers_small_a
D:11:     layout_irregular_city, gauntlet_entry_generic
Temple:   compressed_dpeg_circular_temple
Gauntlet: gammafunk_gauntlet_mixed_choke_point [minmay_gauntlet_arena_77_mess,
          minmay_gauntlet_arena_77_block_sizes, minmay_gauntlet_arena_77_braids,
          gammafunk_gauntlet_arena_crates, minmay_gauntlet_arena_77_squiggly,
          minmay_gauntlet_arena_77_museum, minmay_gauntlet_arena_77_box,
          gauntlet_exit_hidden_loot]

Skill      XL: |  1  2  3  4  5  6  7  8  9 10 11 12 |
---------------+-------------------------------------+-----
Maces & Flails | 3 4 5 6 7 8 10 11 12 13 | 13.0
Fighting       | 4 5 6 7 9 10 11 12 | 12.5
Armour         | 4 5 6 7 9 10 11 12 | 12.5
Shields        | 4 5 6 7 9 10 11 12 | 12.5
Evocations     | |  0.2

Action                   |  1- 3 |  4- 6 |  7- 9 | 10-12 || total
-------------------------+-------+-------+-------+-------++-------
Melee: Flail             |   103 |   112 |   123 |   447 ||   785
       Headbutt          |    13 |    19 |    37 |   128 ||   197
Throw: Boomerang         |       |       |       |     1 ||     1
Invok: Request Jelly     |       |       |       |     1 ||     1
       Slimify           |       |       |       |     2 ||     2
  Use: Scroll            |     3 |     3 |     4 |     4 ||    14
       Potion            |       |     4 |     1 |     1 ||     6
Armor: Scale mail        |    64 |    22 |       |       ||    86
       Plate armour      |       |    22 |    87 |   251 ||   360
       Skin              |       |    11 |       |       ||    11
Dodge: Dodged            |    49 |    34 |    30 |   126 ||   239
Block: Kite shield       |    74 |    66 |    82 |   343 ||   565
